 Dungeon Crawl Stone Soup version 0.21-a0-396-ga924934 (webtiles) character file.

219 EvilAshe the Slasher (level 5, 0/41 HPs)
             Began as a Barachi Skald on Oct 19, 2017.
             Slain by an orc warrior
             ... wielding a +0 battleaxe
              (18 damage)
             ... on level 3 of the Dungeon.
             The game lasted 00:12:10 (3657 turns).

EvilAshe the Slasher (Barachi Skald)                Turns: 3657, Time: 00:12:11

Health: 0/41       AC:  4    Str: 13    XL:     5   Next: 96%
Magic:  7/8        EV: 12    Int: 13    God:
Gold:   120        SH:  0    Dex: 12    Spells: 3/8 levels left

rFire    . . .     SeeInvis .   a - +0 falchion
rCold    . . .     Gourm    .   (no shield)
rNeg     . . .     Faith    .   b - +0 leather armour
rPois    .         Spirit   .   p - +0 helmet
rElec    .         Reflect  .   (no cloak)
rCorr    .         Harm     .   (no gloves)
MR       .....                  (no boots)
Stlth    +.........             (no amulet)
HPRegen  0.13/turn              (no ring)
MPRegen  0.11/turn              (no ring)

@: confused, shrouded (expiring), slow
A: +LOS, swims, slowness 1, strong legs 1
a: Hop


You were on level 3 of the Dungeon.
You were hungry.

You visited 1 branch of the dungeon, and saw 3 of its levels.

You collected 120 gold pieces.

Inventory:

Hand Weapons
 a - a +0 falchion (weapon)
Missiles
 g - 45 stones (quivered)
Armour
 b - a +0 leather armour (worn)
 p - a +0 helmet (worn)
Jewellery
 e - an uncursed ring of protection from fire {unknown}
 l - an uncursed amulet of harm {unknown}
Scrolls
 h - 2 scrolls of remove curse {unknown}
 i - 3 scrolls of teleportation {unknown}
 j - 2 scrolls of enchant armour {unknown}
 k - 2 scrolls of random uselessness {unknown}
 n - 7 scrolls of identify {unknown}
 r - a scroll of fear {unknown}
 u - a scroll of noise {unknown}
Potions
 m - a potion of agility {unknown}
 s - 2 potions of curing
 t - a potion of cancellation {unknown}
Books
 c - a book of Battle

   Spells                             Type                      Level
   a - Infusion                       Charms                       1
   b - Shroud of Golubria             Charms/Translocation         2
   c - Song of Slaying                Charms                       2
   d - Spectral Weapon                Hexes/Charms                 3
   e - Regeneration                   Charms/Necromancy            3
 o - a book of Misfortune

   Spells                             Type                      Level
   a - Confusing Touch                Hexes                        1
   b - Confuse                        Hexes                        3
   c - Gell's Gravitas                Translocation                3
   d - Petrify                        Transmutation/Earth          4
   e - Metabolic Englaciation         Hexes/Ice                    5
   f - Yara's Violent Unravelling     Hexes/Transmutation          5
Comestibles
 d - 3 bread rations
 q - 2 royal jellies


   Skills:
 + Level 3.0 Fighting
 * Level 5.6 Long Blades
 - Level 1.2 Armour
 + Level 2.7 Dodging
 - Level 2.1 Spellcasting
 - Level 4.3 Charms
 + Level 1.2 Translocations


You had 3 spell levels left.
You knew the following spells:

 Your Spells              Type           Power        Failure   Level  Hunger
a - Infusion              Chrm           ##..         5%          1    ##.....
g - Shroud of Golubria    Chrm/Tloc      #.........   16%         2    ###....
s - Song of Slaying       Chrm           ##......     9%          2    ###....


Dungeon Overview and Level Annotations

Branches:
Dungeon (3/15)

Altars:


Innate Abilities, Weirdness & Mutations

Shadows flee at your approach. (+LOS)
You can swim through water.
You cover ground slowly.
You can hop short distances.


Message History

You are too confused!
In your confused state, you trip and fall back down the stairs.
The orc wizard hits you but does no damage.
The orc wizard barely misses you.
In your confused state, you trip and fall back down the stairs.
Your shroud bends the orc warrior's attack away!
The orc wizard points at you and mumbles some strange words.
You are more confused.
The orc wizard hits you but does no damage.
The orc warrior hits you with a battleaxe!
In your confused state, you trip and fall back down the stairs.
Your shroud begins to fray at the edges.
The orc wizard hits you but does no damage.
An orc comes into view. It is wielding a club.
The orc warrior barely misses you.
The orc wizard gestures at you while chanting.
The puff of flame hits you!
In your confused state, you trip and fall back down the stairs.
The orc warrior hits you with a battleaxe!!
You die...

.###.##.........##.########.#.
##.####.####.## #.#. #. .### #.#
#)###...# #.#. ..
.....###.####..##...# #... .o
....................# #.#. #o
.######.....#..##...# #.#. ..
#.....#...#...# #.#. #o
#######.#.#...# #####.#. #.
#.o@.....## #.......
#.############..o...#.####.######
#............o...................
#.############.....#..####.######
.. #..........#..# #.# ..
#..........#..# #.##### ..
#.............# #.....# ..
#............># #.....# ..
#.....(#####.## #.....#


You could see an orc warrior, an orc wizard and an orc.

Vanquished Creatures
  An orc priest (D:2)
  2 orc wizards (D:2)
  5 adders
  2 oozes (D:3)
  4 worms
  3 dart slugs
  3 leopard geckos
  2 orcs
  10 bats
  2 giant cockroaches
  6 goblins
  8 hobgoblins
  2 jackals (D:2)
  7 frilled lizards
  5 kobolds
  5 rats
67 creatures vanquished.

Notes
Turn   | Place    | Note
-------+----------+-------------------------------------------
     0 | D:1      | EvilAshe the Barachi Skald began the quest for the Orb.
     0 | D:1      | Reached XP level 1. HP: 17/17 MP: 3/3
   200 | D:1      | Reached skill level 3 in Long Blades
   200 | D:1      | Reached XP level 2. HP: 23/23 MP: 5/5
   323 | D:1      | Learned a level 2 spell: Song of Slaying
   741 | D:1      | Reached XP level 3. HP: 28/28 MP: 6/6
  1081 | D:2      | Reached skill level 4 in Long Blades
  1237 | D:2      | Learned a level 2 spell: Shroud of Golubria
  1895 | D:2      | Reached XP level 4. HP: 27/34 MP: 4/7
  2925 | D:3      | Reached skill level 5 in Long Blades
  3194 | D:2      | Reached XP level 5. HP: 39/39 MP: 6/8
  3352 | D:3      | Reached skill level 1 in Translocations
  3614 | D:3      | Noticed an orc warrior
  3657 | D:3      | Slain by an orc warrior

Vault maps used:
D:1:      dpeg_arrival_concentric_ovals
D:2:      first_bread

Skill      XL: |  1  2  3  4  5 |
---------------+----------------+-----
Long Blades    | 3 4 5 |  5.6
Charms         | 4 |  4.3
Translocations | 1 |  1.2
Fighting       | 3 |  3.0
Armour         | |  1.2
Dodging        | |  2.7
Spellcasting   | |  2.1

Action                   |  1- 3 |  4- 6 || total
-------------------------+-------+-------++-------
Melee: Falchion          |   136 |   150 ||   286
Throw: Stone             |     2 |    10 ||    12
 Cast: Infusion          |     3 |       ||     3
       Song of Slaying   |     3 |       ||     3
       Shroud of Golubri |     2 |    24 ||    26
 Abil: Hop               |     1 |       ||     1
  Use: Potion            |       |     2 ||     2
  Eat: Chunk             |     4 |     8 ||    12
Armor: Leather armour    |    36 |    45 ||    81
Dodge: Dodged            |    74 |   109 ||   183
       Rpst.: Falchion   |    25 |    37 ||    62

Table legend:
 A = Spawn XP
 B = Non-spawn XP
 C = Spawn XP percentage of total XP
 D = Spawn monster count
 E = Non-spawn monster count
 F = Spawn count percentage of total count
 G = Total turns spent on level
                    A         B        C        D         E        F      G
               +---------+---------+-------+---------+---------+-------+---------
         Total |       0 |     314 |   0.0 |       0 |      67 |   0.0 |  3657
               +---------+---------+-------+---------+---------+-------+---------
           D:1 |       0 |      50 |   0.0 |       0 |      25 |   0.0 |  1312
           D:2 |       0 |     202 |   0.0 |       0 |      28 |   0.0 |  1686
           D:3 |       0 |      62 |   0.0 |       0 |      14 |   0.0 |   659
               +---------+---------+-------+---------+---------+-------+---------
